 Dungeon Crawl Stone Soup version 0.20.0-15-g7f486f2 (webtiles) character file.

1339 sagitran the Skirmisher (level 8, -14/65 HPs)
             Began as a Demonspawn Wanderer on June 12, 2017.
             Was an Initiate of Yredelemnul.
             Killed from afar by ThereIsNoGod's ghost (21 damage)
             ... with a blast of rock fragments
             ... on level 6 of the Dungeon.
             The game lasted 01:20:37 (4283 turns).

sagitran the Skirmisher (Demonspawn Wanderer)       Turns: 4283, Time: 01:20:38

Health: -14/65     AC: 14    Str: 16    XL:     8   Next: 35%
Magic:  8/8        EV:  4    Int: 16    God:    Yredelemnul [......]
Gold:   280        SH:  7    Dex:  9    Spells: 7/7 levels left

rFire    + . .     SeeInvis .   a - +6 short sword (drain)
rCold    x . .     Gourm    .   x - +0 shield
rNeg     . . .     Faith    .   j - +0 chain mail
rPois    +         Spirit   .   (no helmet)
rElec    .         Reflect  .   h - +1 cloak {rPois}
rCorr    +         Harm     .   i - +0 pair of gloves
MR       .....                  (no boots)
Stlth    ..........             (no amulet)
Regen    0.2/turn               m - ring of fire
MPRegen  0.2/turn               w - ring of resist corrosion

@: very slightly contaminated, drained
A: hooves 2, molten scales 1, nightstalker 1
a: Renounce Religion


You were on level 6 of the Dungeon.
You worshipped Yredelemnul.
Yredelemnul was noncommittal.
You were not hungry.

You visited 2 branches of the dungeon, and saw 7 of its levels.

You collected 280 gold pieces.

Inventory:

Hand Weapons
 a - a +6 short sword of draining (weapon)
 b - a +2 blowgun
Missiles
 c - 39 poisoned needles
 s - 7 needles of sleeping
 D - 3 tomahawks (quivered)
Armour
 h - a +1 cloak of poison resistance (worn)
 i - a +0 pair of gloves (worn)
 j - a +0 chain mail (worn)
 v - the +1 robe of Qimeang {rElec rF+ Regen+ Dex+2}
   (You found it on level 4 of the Dungeon)

   It affects your dexterity (+2).
   It protects you from fire.
   It insulates you from electricity.
   It increases your rate of regeneration.
 x - a +0 shield (worn)
Jewellery
 m - a ring of fire (left hand)
 w - a ring of resist corrosion (right hand)
Wands
 u - a wand of polymorph (2/24)
 C - a wand of polymorph (6/24)
Scrolls
 d - 2 scrolls of teleportation
 t - a scroll of magic mapping
 y - a scroll of fear {unknown}
 B - a scroll of identify
Potions
 e - a potion of brilliance
 k - a potion of haste
 l - a potion of flight {unknown}
 n - 3 potions of might
 r - a potion of mutation {unknown}
 A - 2 potions of heal wounds {unknown}
Comestibles
 f - a bread ration
 g - 2 royal jellies
 p - 5 meat rations
 q - 4 fruits


   Skills:
 + Level 6.5(6.2) Fighting
 + Level 6.3(6.1) Short Blades
   Level 1.0(0.7) Crossbows
 + Level 2.7(2.5) Throwing
 + Level 3.5(3.2) Armour
 + Level 2.1(1.9) Dodging
 + Level 0.2(0.0) Stealth
 + Level 1.0(0.7) Shields
 + Level 0.1(0.0) Unarmed Combat


You had 7 spell levels left.
You didn't know any spells.

Dungeon Overview and Level Annotations

Branches:
Dungeon (6/15)             Temple (1/1) D:4

Altars:
Ashenzari
Dithmenos
Gozag
Hepliaklqana
Kikubaaqudgha
Makhleb
Nemelex Xobeh
Okawaru
Qazlal
Ru
Sif Muna
Uskayaw
Vehumet
Yredelemnul
Zin
The Shining One

Shops:
D:4 [

Annotations:
D:6 ThereIsNoGod's ghost, novice SpEE


Innate Abilities, Weirdness & Mutations

You have hoof-like feet.
You are partially covered in molten scales. (AC +2)
You are slightly more attuned to the shadows.


Message History

ThereIsNoGod's ghost hits you.
You turn to flesh and can move again.
You barely miss ThereIsNoGod's ghost.
You kick ThereIsNoGod's ghost, but do no damage.
ThereIsNoGod's ghost is moderately damaged.
ThereIsNoGod's ghost casts a spell at you.
The stone arrow hits you!
* * * LOW HITPOINT WARNING * * *
Okay, then.
Okay, then.
Blink to where?
Press: ? - help, Dir - move target cursor, p - ThereIsNoGod's ghost You are very lightly contaminated with residual magic.
As you read the scroll of blinking, it crumbles to dust.
ThereIsNoGod's ghost casts a spell at you.
You block the blast of sand.
ThereIsNoGod's ghost casts a spell past you.
The wall shatters!
The blast of rock fragments hits you!
You die...
Your body rises from the dead as a mindless zombie.

####...#######
#.............
#####.##..........
#.................
#..#.#.#.#........
#..........<......
#..#.#.#.#......##
#####...........#...#
......@#.#.#.#..###.#
....##..............#.#
.. #.#.#.#.#........#
#...W..........###
##.............#
#####.).##....#
#)######### #))..#
##...#


You could see ThereIsNoGod's ghost.

Vanquished Creatures
  Grinder (D:4)
  Menkaure (D:4)
  A necrophage (D:5)
  A phantom (D:4)
  Blork the orc (D:5)
  A howler monkey (D:5)
  A crimson imp (D:6)
  A hound (D:4)
  4 orc priests
  A jelly (D:5)
  Crazy Yiuf (D:2)
  A centaur skeleton (D:4)
  Jessica (D:2)
  An iguana (D:5)
  2 orc wizards
  Ijyb (D:4)
  4 worker ants
  A killer bee zombie (D:6)
  10 adders
  5 gnolls
  A howler monkey skeleton (D:5)
  2 worms
  4 dart slugs
  2 leopard geckos
  13 orcs
  7 bats
  4 giant cockroaches
  9 goblins
  7 hobgoblins
  7 jackals
  3 quokkas
  3 frilled lizards
  6 kobolds
  7 rats
115 creatures vanquished.

Notes
Turn   | Place    | Note
-------+----------+-------------------------------------------
     0 | D:1      | sagitran the Demonspawn Wanderer began the quest for the Orb.
     0 | D:1      | sagitran set off with: 2 curare-tipped needles, a +2 blowgun, a +0 ring mail, a scroll of teleportation, a bread ration
     0 | D:1      | Reached XP level 1. HP: 19/19 MP: 1/1
    52 | D:1      | Gained mutation: You have large cloven feet. [demonic ancestry]
    52 | D:1      | Reached XP level 2. HP: 26/26 MP: 2/2
   344 | D:1      | Reached XP level 3. HP: 32/32 MP: 3/3
   494 | D:1      | Reached skill level 5 in Fighting
  1051 | D:2      | Found a shattered altar of Ashenzari.
  1074 | D:2      | Reached XP level 4. HP: 7/39 MP: 4/4
  1201 | D:2      | Noticed Jessica
  1210 | D:2      | Killed Jessica
  1250 | D:2      | Found a runed door.
  1254 | D:2      | Noticed Crazy Yiuf
  1293 | D:2      | Killed Crazy Yiuf
  1293 | D:2      | Gained mutation: You are partially covered in molten scales. (AC +2) [demonic ancestry]
  1293 | D:2      | Reached XP level 5. HP: 7/44 MP: 5/5
  2420 | D:4      | Gained mutation: You are slightly more attuned to the shadows. [demonic ancestry]
  2420 | D:4      | Reached XP level 6. HP: 52/52 MP: 6/6
  2457 | D:4      | Noticed Menkaure
  2473 | D:4      | Killed Menkaure
  2570 | D:4      | Found Puca's Antique Armour Shop.
  2573 | D:4      | Noticed Grinder
  2577 | D:4      | Noticed Ijyb
  2588 | D:4      | Paralysed by Grinder for 4 turns
  2594 | D:4      | Killed Ijyb
  2602 | D:4      | Paralysed by Grinder for 2 turns
  2608 | D:4      | Killed Grinder
  2608 | D:4      | Reached XP level 7. HP: 45/58 MP: 7/7
  2818 | D:4      | Got an ominously black robe
  2831 | D:4      | Identified the +1 robe of Qimeang {rElec rF+ Regen+ Dex+2} (You found it on level 4 of the Dungeon)
  2901 | D:4      | Reached skill level 5 in Short Blades
  2991 | D:4      | Found a staircase to the Ecumenical Temple.
  3004 | Temple   | Entered the Ecumenical Temple
  3163 | Temple   | Became a worshipper of Yredelemnul the Dark
  3449 | D:5      | Entered Level 5 of the Dungeon
  3657 | D:5      | Gained mutation: You have hoof-like feet. [demonic ancestry]
  3657 | D:5      | Reached XP level 8. HP: 64/64 MP: 8/8
  4074 | D:5      | Noticed Blork the orc
  4121 | D:5      | Killed Blork the orc
  4244 | D:6      | Noticed ThereIsNoGod's ghost (novice SpEE)
  4283 | D:6      | Killed from afar by ThereIsNoGod's ghost

Skill      XL: |  1  2  3  4  5  6  7  8 |
---------------+-------------------------+-----
Fighting       | 5 6 |  6.5
Short Blades   | 2 4 5 6 |  6.3
Armour         | 2 3 |  3.5
Throwing       | 2 |  2.7
Dodging        | 2 |  2.1
Crossbows      | |  1.0
Stealth        | |  0.2
Shields        | |  1.0
Unarmed Combat | |  0.1

Action                   |  1- 3 |  4- 6 |  7- 9 || total
-------------------------+-------+-------+-------++-------
Melee: Short sword       |    64 |   185 |   123 ||   372
       Kick              |    10 |    23 |    19 ||    52
       Unarmed           |       |     3 |       ||     3
 Fire: Blowgun           |    12 |    13 |    12 ||    37
Throw: Tomahawk          |       |       |     2 ||     2
  Use: Scroll            |     4 |    10 |     5 ||    19
       Potion            |     1 |     2 |     1 ||     4
  Eat: Bread ration      |       |     2 |     1 ||     3
Armor: Ring mail         |     1 |       |       ||     1
       Chain mail        |    29 |   122 |    75 ||   226
       Skin              |       |    19 |       ||    19
Dodge: Dodged            |    13 |    66 |    23 ||   102
Block: Shield            |       |       |    13 ||    13
